 Dungeon Crawl Stone Soup version 0.29-a0-303-ge4682ce883 (webtiles) character file.

Game seed: 2162400658385862882

60 esteth the Insei (level 4, 0/28 HPs)
             Began as an Octopode Transmuter on Mar 25, 2022.
             Was an Initiate of Ru.
             Killed by nerve-wracking pain
             ... invoked by an orc priest
              (10 damage)
             ... on level 3 of the Dungeon.
             The game lasted 00:02:23 (2252 turns).

esteth the Insei (Octopode Transmuter)              Turns: 2252, Time: 00:02:24

Health: 0/28       AC:  1    Str:  9    XL:     4   Next: 6%
Magic:  7/7        EV: 14    Int: 15    God:    Ru [......]
Gold:   84         SH:  0    Dex: 20    Spells: 6/7 levels left

rFire   . . .      SeeInvis .     - Unarmed
rCold   . . .      Faith    .   (no shield)
rNeg    . . .      Spirit   .   (helmet restricted)
rPois   .          Reflect  .   A - amulet of the acrobat
rElec   .          Harm     .   L - ring of flight
rCorr   .          Rampage  .   D - +6 ring of dexterity
Will    .....                   (no ring)
Stlth   +++.......              (no ring)
HPRegen 0.09/turn               (no ring)
MPRegen 0.10/turn               (no ring)
                                (no ring)
                                (no ring)

@: flying
A: almost no armour, amphibious, 8 rings, camouflage 1, gelatinous body 1,
(nimble swimmer 1), tentacles
a: Renounce Religion


You were on level 3 of the Dungeon.
You worshipped Ru.
Ru was noncommittal.
You visited 1 branch of the dungeon, and saw 3 of its levels.

You collected 84 gold pieces.


Innate Abilities, Weirdness & Mutations

You cannot wear most types of armour.
You are amphibious.
You can wear up to eight rings at the same time.
Your skin changes colour to match your surroundings (Stealth+).
Your rubbery body absorbs attacks. (AC +1, EV +1)
((You are camouflaged when in or above water. (Stealth+)))
You have tentacles for arms and can constrict up to eight enemies at once.


   Skills:
 - Level 1.0 Fighting
 + Level 2.6 Dodging
 + Level 2.3 Stealth
 * Level 4.0 Unarmed Combat
 - Level 2.0 Spellcasting
 - Level 2.0 Transmutations


You had 6 spell levels left.
You knew the following spells:

 Your Spells              Type           Power      Damage    Failure   Level
b - Beastly Appendage     Tmut           14%        N/A       10%         1

Your spell library contained the following spells:

 Spells                   Type           Power      Damage    Failure   Level
 Wereblood                Tmut           7%         N/A       14%         2
 Spider Form              Tmut/Pois      4%         N/A       41%         3
 Ice Form                 Ice/Tmut       4%         N/A       82%         4

Inventory:

Missiles
 c - 159 stones
 g - 10 boomerangs
Jewellery
 A - an amulet of the acrobat (around mantle)
   (You found it on level 3 of the Dungeon)
 D - a +6 ring of dexterity (right tentacle)
   (You found it on level 1 of the Dungeon)
 L - a ring of flight (left tentacle)
   (You found it on level 1 of the Dungeon)
Scrolls
 b - 6 scrolls of identify {unknown}
 e - a scroll of immolation {unknown}
 f - a scroll of silence {unknown}
 h - a scroll of enchant armour {unknown}
 i - a scroll of magic mapping {unknown}
 k - 2 scrolls of noise {unknown}
 m - a scroll of blinking {unknown}
 n - a scroll of torment {unknown}
Potions
 a - a potion of lignification {!q}
 d - 2 potions of brilliance {unknown}
 j - 5 potions of curing {unknown}
 l - a potion of heal wounds {unknown}

Dungeon Overview and Level Annotations

Branches:
Dungeon (3/15)

Altars:
Ru

Shops:
D:3

*[ ##### ......
......####
.o.o.....##
.o........######
......##o.......
...o. #@#######
.... #)# #.. ##.
#.# #.# ..
#.###.# ## ^
#.#.##.###..$#
..###.........#
###.#.##.#####.
##.##...##
#......#.#


You could see an orc priest.


Message History

You fly downwards.
There is a stone staircase leading up here.
An adder is nearby!
An adder is nearby!
A ball python comes into view.
You see here 12 gold pieces.
Found Tuthah's Antique Armour Boutique.
The adder hisses angrily.
The adder closely misses you. The adder misses you.
You tentacle-slap the adder. You grab the adder.
You constrict the adder, but do no damage.
The ball python bites you. The ball python grabs you.
The ball python constricts you. The adder closely misses you. 😕 HP[-3]
You take 3 damage, and now have 20/23 hp.
Attack: -) Tentacles
Press: ? - help, Dir - move target, f - ball python
Aim: a ball python (constricting you, about 40% to evade your tentacles)
You closely miss the ball python. You grab the ball python.
You constrict the adder. You constrict the ball python.
The ball python misses you. The ball python constricts you.
The adder bites you.
You are poisoned.
The adder poisons you! The ball python barely misses you.
The ball python constricts you. 😮 HP[-3]
You take 3 damage, and now have 17/23 hp.
You tentacle-slap the ball python.
You kill the ball python!
You constrict the adder.
You feel sick. The adder misses you. 😮 HP[-1]
You take 1 damage, and now have 16/23 hp.
You tentacle-slap the adder. You constrict the adder.
You feel sick. The adder barely misses you. 😮 HP[-1]
You take 1 damage, and now have 15/23 hp.
You tentacle-slap the adder.
You kill the adder!
You feel sick.
Your Unarmed Combat skill increases to level 4!
You have reached level 4! 😮 HP[+3] MP[+1]
You now have 28 max hp (+5).
You regained 3 hp, and now have 18/28 hp.
Your mp is fully restored (7).
You feel sick.
You are no longer poisoned.
You now have 79 gold pieces (gained 12).
There is an entrance to Tuthah's Antique Armour Boutique here. 😎 HP[+10]
Your hp is fully restored (28).
Found Ycseri's Assorted Antiques.
Found an escape hatch in the ceiling.
No target in view!
No target in view!
There is an entrance to Ycseri's Assorted Antiques here.
You now have 84 gold pieces (gained 5).
You see here a +0 hunting sling.
No target in view!
A - an amulet of the acrobat An endoplasm comes into view.
You start putting on your amulet.
You continue putting on your amulet of the acrobat. x5
You finish putting on your amulet of the acrobat.
You feel ready to tumble and roll out of harm's way.
A - an amulet of the acrobat (around mantle)
You tentacle-slap the endoplasm. You squeeze the endoplasm.
You kill the endoplasm!
No target in view!
An orc priest comes into view. It is wielding a +0 dagger.
An orc priest comes into view.
It is wielding a +0 whip. 2 orcs come into view.
The orc shouts!
You hear a shout! x2; You hear an angry hiss.
The orc completely misses you.
You barely miss the orc. Your grab misses the orc. The orc barely misses you.
You tentacle-slap the orc but do no damage.
Your grab misses the orc. The orc closely misses you.
You tentacle-slap the orc. You grab the orc. You squeeze the orc.
You kill the orc!
Things that are here:
a +0 short sword; a +0 leather armour; an orc corpse You completely miss the orc priest.
You grab the orc priest. You constrict the orc priest.
The orc priest invokes the aid of Beogh against you.
Beogh smites you!
You hear an angry hiss.
You hear a shout! 😮 HP[-13]
You take 13 damage, and now have 15/28 hp.
MASSIVE DAMAGE!! (PAUSE)
You tentacle-slap the orc priest.
You constrict the orc priest, but do no damage.
The orc priest hits you with a +0 whip.
* * * LOW HITPOINT WARNING * * *
😨 HP[-5]
You take 5 damage, and now have 10/28 hp.
You tentacle-slap the orc priest but do no damage.
You constrict the orc priest, but do no damage.
The orc priest invokes the aid of Beogh against you.
Pain shoots through your body!
You die...

Skill      XL: |  1  2  3 |
---------------+----------+-----
Stealth        | 1 2 |  2.3
Unarmed Combat | 4 |  4.0
Fighting       | |  1.0
Dodging        | |  2.6
Spellcasting   | |  2.0
Transmutations | |  2.0

Action                   |  1- 3 |  4- 6 || total
-------------------------+-------+-------++-------
Melee: Unarmed           |    65 |     7 ||    72
       Constrict         |    17 |     2 ||    19
       Tentacles         |    11 |     2 ||    13
       Punch             |     4 |       ||     4
 Stab: Sleeping          |     9 |       ||     9
Armor: Skin              |     4 |       ||     4
Dodge: Dodged            |    41 |     3 ||    44

Levels and vault maps discovered:
D:1:      nagdon_arrival_zigzag_paths, layout_loops_ring
D:2:      layout_loops_ring, shapermc_ecumenical_altar_mp_vishouse, basic_altar
D:3:      layout_loops_ring, serial_shops, shop_statue, shop,
          nicolae_shop_hallway_stairs, nicolae_shop_hallway_stairs,
          nicolae_shop_stone

Notes
Turn   | Place    | Note
-------+----------+-------------------------------------------
     0 | D:1      | esteth the Octopode Transmuter began the quest for the Orb.
     0 | D:1      | Reached XP level 1. HP: 13/13 MP: 3/3
     0 | D:1      | magus.rc [v1.11.3]
   741 | D:2      | Reached XP level 2. HP: 18/18 MP: 5/5
   742 | D:2      | Reached skill level 1 in Stealth
  1010 | D:2      | Found a sacrificial altar of Ru.
  1036 | D:2      | Became a worshipper of Ru the Awakened
  1173 | D:2      | Reached XP level 3. HP: 23/23 MP: 6/6
  1478 | D:2      | Found a faded altar of an unknown god.
  1708 | D:2      | Reached skill level 2 in Stealth
  2012 | D:3      | Found Tuthah's Antique Armour Boutique.
  2018 | D:3      | Reached skill level 4 in Unarmed Combat
  2018 | D:3      | Reached XP level 4. HP: 18/28 MP: 7/7
  2168 | D:3      | Found Ycseri's Assorted Antiques.
  2252 | D:3      | Killed from afar by an orc priest

Vanquished Creatures
  2 adders
  2 worms (D:2)
  A dart slug (D:1)
  An orc (D:3)
  4 ball pythons
  2 bats (D:2)
  4 endoplasms
  A giant cockroach (D:2)
  3 hobgoblins (D:2)
  4 jackals (D:2)
  A quokka (D:2)
  A kobold (D:2)
  6 rats
32 creatures vanquished.

Table legend:
 A = Non-vault XP
 B = Vault XP
 C = Vault XP percentage of total XP
 D = Non-vault monster count
 E = Vault monster count
 F = Vault count percentage of total count
                 A         B        C        D         E       F
            +---------+---------+-------+---------+---------+-------
      Total |      87 |       0 |   0.0 |      32 |       0 |   0.0
            +---------+---------+-------+---------+---------+-------
        D:1 |       7 |       0 |   0.0 |       4 |       0 |   0.0
        D:2 |      60 |       0 |   0.0 |      24 |       0 |   0.0
        D:3 |      20 |       0 |   0.0 |       4 |       0 |   0.0
            +---------+---------+-------+---------+---------+-------

Illustrated notes

Table legend:
 A = Kills in this place as a percentage of kills in entire the game.
 B = Kills by you in this place as a percentage of kills by you in the entire game.
 C = Kills by friends in this place as a percentage of kills by friends in the entire game.
 D = Other kills in this place as a percentage of other kills in the entire game.
 E = Experience gained in this place as a percentage of experience gained in the entire game.
 F = Experience gained in this place divided by the number of levels of this place that you have seen.
                   A       B       C       D       E      F
               +-------+-------+-------+-------+-------+----------------------
         Total | 100.0 | 100.0 |   N/A |   N/A | 100.0 |  29.0
       Dungeon | 100.0 | 100.0 |   N/A |   N/A | 100.0 |  29.0
               +-------+-------+-------+-------+-------+----------------------

Table legend: (Time is in decaauts)
 A = Elapsed time spent in this place.
 B = Non-inter-level travel time spent in this place.
 C = Inter-level travel time spent in this place.
 D = Time resting spent in this place.
 E = Time spent auto-exploring this place.
 F = Levels seen in this place.
 G = Mean time per level.
                   A        B        C        D        E       F      G
               +--------+--------+--------+--------+--------+-----+--------+
         Total |   2245 |   2183 |     62 |    169 |   1794 |   3 |  748.3 |
       Dungeon |   2245 |   2183 |     62 |    169 |   1794 |   3 |  748.3 |
               +--------+--------+--------+--------+--------+-----+--------+

Top non-repeatable levels by time:
     D:2: 1276 daAuts
     D:1: 728 daAuts
     D:3: 240 daAuts
